 Dungeon Crawl Stone Soup version 0.18.1-50-g88ac8fd (webtiles) character file.

178 magog001 the Covered (level 5, -5/47 HPs)
             Began as a Hill Orc Fighter on Nov 29, 2016.
             Was an Initiate of Pakellas.
             Killed by nerve-wracking pain
             ... invoked by Grinder
              (10 damage)
             ... on level 4 of the Dungeon.
             The game lasted 00:17:52 (2481 turns).

magog001 the Covered (Hill Orc Fighter)             Turns: 2481, Time: 00:17:52

Health: -5/47      AC: 13    Str: 25    XL:     5   Next: 58%
Magic:  5/5        EV:  5    Int: 11    God:    Pakellas [......]
Gold:   99         SH: 10    Dex: 10    Spells: 0 memorised, 4 levels left

rFire  . . .     SeeInvis .     l - +0 war axe
rCold  . . .     Gourm    .     e - +0 plate armour
rNeg   . . .     Faith    .     c - +0 shield
rPois  .         Spirit   .     (no helmet)
rElec  .         Dismiss  .     (no cloak)
rCorr  .         Reflect  .     t - +0 pair of gloves
SustAt .         Harm     .     (no boots)
MR     .....                    (no amulet)
Stlth  ..........               b - +3 ring of intelligence
                                q - ring of wizardry

@: mighty, not resistant to hostile enchantments, extremely unstealthy
A: no striking features
a: Renounce Religion


You were on level 4 of the Dungeon.
You worshipped Pakellas.
Pakellas was noncommittal.
You were not hungry.

You visited 1 branch of the dungeon, and saw 4 of its levels.

You collected 99 gold pieces.

Inventory:

Hand Weapons
 l - a +0 war axe (weapon)
Missiles
 g - 71 arrows
 p - 42 stones (quivered)
 s - 19 poisoned needles
Armour
 c - a +0 shield (worn)
 e - a +0 plate armour (worn)
 t - a +0 pair of gloves (worn)
Jewellery
 b - a +3 ring of intelligence (right hand)
 q - a ring of wizardry (left hand)
Scrolls
 j - a scroll of teleportation
 k - 4 scrolls of identify
 o - a scroll of blinking
 r - 2 scrolls of remove curse
 x - a scroll of enchant armour {unknown}
 y - a scroll of enchant weapon {unknown}
Potions
 a - a potion of lignification {unknown}
 m - a potion of magic
 u - a potion of flight {unknown}
 w - a potion of cancellation {unknown}
Comestibles
 f - 4 bread rations
 h - 6 chunks of flesh
 i - a meat ration
 n - 5 fruits
 z - a beef jerky


   Skills:
 * Level 4.3 Fighting
 + Level 4.2 Axes
 + Level 0.3 Throwing
 * Level 4.6 Armour
 + Level 0.1 Dodging
 * Level 4.4 Shields


You had 4 spell levels left.
You didn't know any spells.

Dungeon Overview and Level Annotations

Branches:
Dungeon (4/15)
 Temple: D:4-7

Altars:
Dithmenos
Kikubaaqudgha
Pakellas
Qazlal

Annotations:
D:4 Grinder


Message History

Grinder is heavily wounded.
You block Grinder's attack.
Drink which item? (? for menu, Esc to quit)
You feel very mighty all of a sudden. You block Grinder's attack.
You barely miss Grinder.
Grinder is heavily wounded.
Grinder barely misses you. Grinder hits you.
* * * LOW HITPOINT WARNING * * *
You writhe in agony.
* * * LOW HITPOINT WARNING * * *
Your plate armour prevents you from hitting Grinder.
Grinder is heavily wounded.
You block Grinder's attack.
Your plate armour prevents you from hitting Grinder.
Grinder is heavily wounded.
Grinder gestures at you. Pain shoots through your body!
You die...
Pakellas says: Good help is so hard to find these days!

#...# # ... #...# ## #.#
#...# #. #.# #...# # #.#
######...####
#.###.....>...... ... #
#)#..............
...##.####.#.#......[.....
.........@...######...####
###..####.5...######...###
................#.......#
#..#..#.....##.#.#...#.#
#..#..#.....##.#.#...#.##
#...........##.#.##......
#........##)#####.#.#####.#.
#.#####.###.#####.#.##......
# ...# #.).....#.........


You could see Grinder.

Vanquished Creatures
  A hound (D:4)
  2 orc wizards
  A howler monkey skeleton (D:4)
  2 adders
  An ooze (D:3)
  2 worms
  A dart slug (D:2)
  2 giant geckos
  9 orcs
  A ball python (D:2)
  3 bats
  5 giant cockroaches
  4 hobgoblins
  3 giant newts
  3 goblins (D:3)
  A kobold (D:2)
  2 rats (D:3)
43 creatures vanquished.

Notes
Turn   | Place    | Note
--------------------------------------------------------------
     0 | D:1      | magog001 the Hill Orc Fighter began the quest for the Orb.
     0 | D:1      | Reached XP level 1. HP: 19/19 MP: 1/1
   288 | D:1      | Reached XP level 2. HP: 27/27 MP: 2/2
  1126 | D:2      | Found a stormy altar of Qazlal.
  1156 | D:2      | Reached XP level 3. HP: 25/33 MP: 3/3
  1279 | D:2      | Found a shadowy altar of Dithmenos.
  1729 | D:3      | Reached XP level 4. HP: 20/40 MP: 4/4
  1945 | D:3      | Found an ancient bone altar of Kikubaaqudgha.
  2113 | D:4      | Reached XP level 5. HP: 36/46 MP: 5/5
  2245 | D:4      | Found an oddly glowing altar of Pakellas.
  2270 | D:4      | Became a worshipper of Pakellas the Inventive
  2447 | D:4      | Noticed Grinder
  2461 | D:4      | Paralysed by Grinder for 3 turns
  2469 | D:4      | Paralysed by Grinder for 2 turns
  2481 | D:4      | Killed from afar by Grinder

Skill      XL: |  1  2  3  4 |
---------------+-------------+-----
Axes           | 3 4 |  4.2
Fighting       | 4 |  4.3
Armour         | 4 |  4.6
Shields        | 4 |  4.4
Throwing       | |  0.3
Dodging        | |  0.1

Action                   |  1- 3 |  4- 6 || total
-------------------------+-------+-------++-------
Melee: War axe           |    66 |    96 ||   162
Throw: Stone             |     9 |       ||     9
  Use: Scroll            |     7 |       ||     7
       Potion            |       |     2 ||     2
  Eat: Chunk             |     2 |     3 ||     5
Armor: Plate armour      |    58 |    72 ||   130
Dodge: Dodged            |     6 |    14 ||    20
Block: Shield            |    26 |    67 ||    93
